 Dungeon Crawl Stone Soup version 0.28.0-45-g0d030f2227 (webtiles) character file.

Game seed: 1852888060962692273

45 101zpm the Caller (level 3, -3/19 HPs)
             Began as a Kobold Summoner on Apr 20, 2022.
             Killed from afar by an orc wizard (4 damage)
             ... with a magic dart
             ... on level 4 of the Dungeon.
             The game lasted 00:04:45 (1934 turns).

101zpm the Caller (Kobold Summoner)                 Turns: 1934, Time: 00:04:46

Health: -3/19      AC:  4    Str:  5    XL:     3   Next: 90%
Magic:  7/7        EV: 15    Int: 18    God:
Gold:   61         SH:  0    Dex: 15    Spells: 6/7 levels left

rFire   . . .      SeeInvis .   h - +0 trident
rCold   . . .      Faith    .   (shield currently unavailable)
rNeg    . . .      Spirit   .   a - +0 robe
rPois   .          Reflect  .   c - +0 helmet
rElec   .          Harm     .   (no cloak)
rCorr   .          Rampage  .   e - +0 pair of gloves
Will    .....                   (no boots)
Stlth   ++........              (no amulet)
HPRegen 0.06/turn               (no ring)
MPRegen 0.10/turn               (no ring)

@: confused
A: small, no large weapons, nightstalker 3
a: no special abilities


You were on level 4 of the Dungeon.
You visited 1 branch of the dungeon, and saw 4 of its levels.

You collected 61 gold pieces.

Inventory:

Hand Weapons
 h - a +0 trident (weapon)
Armour
 a - a +0 robe (worn)
 c - a +0 helmet (worn)
 e - a +0 pair of gloves (worn)
Scrolls
 b - a scroll of fog {unknown}
 g - a scroll of fear {unknown}
 k - a scroll of magic mapping {unknown}
Potions
 d - 2 potions of degeneration {unknown}
 f - a potion of brilliance {unknown}
 i - 2 potions of heal wounds {unknown}
 j - a potion of curing {unknown}


   Skills:
 + Level 0.5 Polearms
 + Level 2.6 Dodging
 + Level 3.4 Stealth
 + Level 2.6 Spellcasting
 + Level 4.4 Summonings


You had 6 spell levels left.
You knew the following spells:

 Your Spells              Type           Power      Damage    Failure   Level
a - Summon Small Mammal   Summ           72%        N/A       2%          1

Your spell library contained the following spells:

 Spells                   Type           Power      Damage    Failure   Level
 Call Imp                 Summ           18%        N/A       4%          2
 Call Canine Familiar     Summ           18%        N/A       9%          3
 Summon Guardian Golem    Hex/Summ       10%        N/A       21%         3
 Summon Lightning Spire   Summ/Air       10%        N/A       56%         4


Dungeon Overview and Level Annotations

Branches:
Dungeon (4/15)
 Temple: D:4-7

Altars:
Fedhas


Innate Abilities, Weirdness & Mutations

You are small and have problems with some larger weapons.
You are completely attuned to the shadows.


Message History

The orc is severely wounded.
You hear some strange, mumbled words.
You are confused.
You hear a shout!
You are too confused!
You are too confused!
You are too confused!
You're too confused to cast spells.
You're too confused to cast spells.
You hear some strange, mumbled words.
You are more confused.
You're too confused to move!
You hear some strange, mumbled words.
A puff of flame appears from out of thin air!
The puff of flame hits you!
* * * LOW HITPOINT WARNING * * *
You're too confused to move!
You're too confused to move!
You hear some strange, mumbled words.
Something tries to affect you, but you resist.
The orc closely misses you.
There is an escape hatch in the floor here.
You hear some strange, mumbled words.
You are more confused.
You slide downwards.
The hatch slams shut behind you.
Reactivating autopickup.
You start resting.
Something hits you but does no damage.
Deactivating autopickup; reactivate with Ctrl-A.
You start resting.
Something hits you.
* * * LOW HITPOINT WARNING * * *
You're too confused to cast spells.
You're too confused to cast spells.
You completely miss something. Something hits you but does no damage.
Something hits you.
* * * LOW HITPOINT WARNING * * *
Something hits you but does no damage. Something hits you but does no damage.
A magic dart appears from out of thin air!
The magic dart hits you.
You die...

#.#
#.#.#.#
....#.#
#....#.#
.......#
.....{.#
......##
#...@##
#....#
##.#.#
#.#.# #
#.#


There were no monsters in sight!

Vanquished Creatures
  An adder (D:3)
  A dart slug (D:2)
  An endoplasm (D:2)
  A giant cockroach (D:2)
  A goblin (D:3)
  A hobgoblin (D:2)
  2 ball pythons (D:2)
  3 bats (D:2)
  A frilled lizard (D:3)
  A kobold (D:2)
13 creatures vanquished.

Vanquished Creatures (collateral kills)
  A worm (D:3)
  2 orcs (D:3)
  An endoplasm (D:2)
  A goblin (D:2)
  2 hobgoblins (D:2)
  A kobold (D:2)
  2 quokkas (D:2)
  A ball python (D:1)
  2 bats
  A frilled lizard (D:3)
14 creatures vanquished.

Grand Total: 27 creatures vanquished

Notes
Turn   | Place    | Note
-------+----------+-------------------------------------------
     0 | D:1      | 101zpm the Kobold Summoner began the quest for the Orb.
     0 | D:1      | Reached XP level 1. HP: 10/10 MP: 3/3
   311 | D:2      | Reached XP level 2. HP: 7/15 MP: 0/5
   777 | D:2      | Found a blossoming altar of Fedhas.
   925 | D:2      | Reached XP level 3. HP: 19/19 MP: 4/6
  1512 | D:3      | Found a faded altar of an unknown god.
  1934 | D:4      | Killed from afar by an orc wizard

Illustrated notes

Levels and vault maps discovered:
D:1:      shiori_arrival_whats_in_store_for_you, layout_loops_ring
D:2:      layout_loops_cross, basic_altar, minmay_pentomino_x2
D:3:      layout_basic, ebering_ecumenical_altar_webs
D:4:      layout_loops_ring, minmay_temple_entry_stoned_glass,
          minmay_quadrilaterals

Skill      XL: |  1  2 |
---------------+-------+-----
Stealth        | 3 |  3.4
Polearms       | |  0.5
Dodging        | |  2.6
Spellcasting   | |  2.6
Summonings     | |  4.4

Action                   || total
-------------------------++-------
Melee: Trident           ||    74
 Cast: Summon Small Mamm ||    39
 Stab: Sleeping          ||     8
Armor: Robe              ||    15
Dodge: Dodged            ||    49
